 Dungeon Crawl Stone Soup version 0.30.1-4-g462c640d31 (webtiles) character file.

Game seed: 7649684053164787213

40326 Peloso the Fencer (level 14, -2/129 HPs)
             Began as a Hill Orc Fighter on Aug 27, 2023.
             Was a High Priest of Okawaru.
             Slain by an ogre
             ... wielding a +0 giant club
             ... led by Lodul
              (15 damage)
             ... on level 13 of the Dungeon.
             The game lasted 00:49:20 (25693 turns).

Peloso the Fencer (Hill Orc Fighter)               Turns: 25693, Time: 00:49:21

Health: -2/129     AC: 23    Str: 25    XL:     14   Next: 10%
Magic:  14/16      EV: 11    Int:  8    God:    Okawaru [*****.]
Gold:   1088       SH:  8    Dex: 12    Spells: 13/13 levels left

rFire   . . .        a - +11 long sword "Fitit" {heavy, Fly Str+5 Dex-2}
rCold   . . .        d - +0 buckler
rNeg    . . .        q - +0 plate armour
rPois   .            (no helmet)
rElec   .            c - +1 cloak
rCorr   +            (no gloves)
SInv    .            m - +0 pair of boots
Will    +....        (no amulet) Stlth
                     h - ring of resist corrosion
HPRegen 0.41/turn    r - +4 ring of slaying
MPRegen 0.15/turn

%: no passive effects
@: about to teleport, heroic, flying
A: no striking features
a: Renounce Religion, Heroism, Finesse, Duel


You were on level 13 of the Dungeon.
You worshipped Okawaru.
Okawaru was extremely pleased with you.
You visited 4 branches of the dungeon, and saw 20 of its levels.

You collected 1809 gold pieces.
You spent 721 gold pieces at shops.

Inventory:

Hand Weapons
 a - the +11 long sword "Fitit" (weapon) {heavy, Fly Str+5 Dex-2}
   (You bought it in a shop on level 2 of the Orcish Mines)

   Str:       It affects your strength (+5).
   Dex:       It affects your dexterity (-2).
   Fly:       It grants you flight.
 b - a +4 scimitar of flaming
Armour
 c - a +1 cloak (worn)
 d - a +0 buckler (worn)
 m - a +0 pair of boots (worn)
 q - a +0 plate armour (worn)
Jewellery
 h - a ring of resist corrosion (left hand)
 r - a +4 ring of slaying (right hand)
 F - a +4 ring of protection
 N - an amulet of magic regeneration
 Q - an amulet of the acrobat
Wands
 i - a wand of polymorph (12)
 y - a wand of digging (10)
 B - a wand of mindburst (12)
 E - a wand of acid (5)
 G - a wand of paralysis (4)
 I - a wand of flame (17)
 L - a wand of iceblast (18)
Scrolls
 e - 7 scrolls of amnesia
 g - a scroll of silence
 j - 2 scrolls of blinking
 k - 2 scrolls of poison
 s - 4 scrolls of summoning
 u - 3 scrolls of noise
 v - 2 scrolls of brand weapon
 z - a scroll of fear
 C - 2 scrolls of enchant armour
 D - a scroll of identify
 J - 3 scrolls of enchant weapon
 O - a scroll of immolation {unknown}
 P - a scroll of fog {unknown}
 R - 3 scrolls of magic mapping
 S - a scroll of teleportation
Potions
 l - a potion of might
 n - a potion of magic
 o - 5 potions of haste
 p - 5 potions of curing
 t - 2 potions of resistance
 w - a potion of ambrosia {unknown}
 x - 2 potions of cancellation
 A - a potion of invisibility
 H - 3 potions of mutation
 K - a potion of flight
 M - 2 potions of lignification


   Skills:
 + Level 13.4(18.4) Fighting
 + Level 15.3(20.3) Long Blades
 + Level 14.4(19.4) Armour
 + Level 3.2(8.2) Dodging
 + Level 1.9(6.9) Stealth
 + Level 10.2(15.2) Shields
 + Level 3.8 Invocations


You had 13 spell levels left.
You didn't know any spells.
Your spell library contained the following spells:

 Spells                   Type           Power      Damage    Failure   Level
 Freeze                   Ice            0%         1d3       95%         1
 Lesser Beckoning         Tloc           0%         N/A       98%         2
 Frozen Ramparts          Ice            0%         1d1       100%        3
 Gell's Gravitas          Tloc           0%         N/A       100%        3
 Hailstorm                Conj/Ice       0%         3d3       100%        3
 Teleport Other           Tloc           0%         N/A       100%        3
 Ice Form                 Ice/Tmut       0%         N/A       100%        4
 Dispersal                Tloc           0%         N/A       100%        6
 Summon Ice Beast         Ice/Summ       Unusable   N/A       N/A         4

Dungeon Overview and Level Annotations

Branches:
Dungeon (13/15)            Temple (1/1) D:6            Lair (4/5) D:10
  Swamp (0/4) Lair:2          Orc (2/2) D:9             Elf (0/3) Orc:2
  Snake: Lair:2-3    Spider: Lair:2-3     Slime: Lair:4-5    Vaults: D:13-14

Altars:
Ashenzari
Cheibriados
Dithmenos
Elyvilon
Fedhas
Gozag
Hepliaklqana
Kikubaaqudgha
Makhleb
Nemelex Xobeh
Okawaru
Ru
Sif Muna
Uskayaw
Vehumet
Wu Jian
Xom
Yredelemnul
Zin
The Shining One
Beogh

Shops:
D:6 ([   D:8 *   Orc:2 (=(!

Annotations:
D:13 Lodul


Message History

You slash the ogre!
The ogre is heavily wounded.
The ogre barely misses you.
You slash the ogre!
You kill the ogre!
Okawaru accepts your kill.
You slash the ogre!
The ogre is heavily wounded.
You block the ogre's attack. The ogre hits you with a +0 giant club.
The ogre barely misses you.
There is an open door, spattered with blood here.
Items here: ))) †††.
You slice the ogre!!
The ogre is severely wounded.
The ogre barely misses you. You block the ogre's attack. x2
Unknown command.
Electricity crackles from Lodul's apparatus.
The bolt of lightning hits you!
Unknown command.
You barely miss the ogre.
The ogre is heavily wounded.
The ogre closely misses you.
Unknown command.
You slice the ogre!!
You kill the ogre!
Okawaru accepts your kill.
The ogre hits you with a +0 giant club!!
* * * LOW HITPOINT WARNING * * *
The ogre hits you with a +0 giant spiked club.
* * * LOW HITPOINT WARNING * * *
As you read the scroll of teleportation, it crumbles to dust.
You feel strangely unstable.
You feel much better.
The ogre hits you with a +0 giant club!!
* * * LOW HITPOINT WARNING * * *
The ogre hits you with a +0 giant spiked club.
* * * LOW HITPOINT WARNING * * *
You gain the combat prowess of a mighty hero.
The ogre hits you but does no damage. The ogre hits you with a +0 giant club!
You die...

#######################
##
.....O..#.O#O.........#
#.
........#.@OO.........+
#.
#....####....#+########.
#.O.OOOO................
#.....OO................
#.....O.................
#.......................
#.......................
#.....................^.
#.......................


You could see Lodul and 3 ogres.

Vanquished Creatures
  Jorgrun (D:13)
  Frances (D:13)
  Gastronok (Lair:2)
  An ettin (Orc:2)
  An ogre mage (Orc:2)
  2 centaur warriors (D:13)
  Erica (Orc:1)
  A catoblepas (D:10)
  A ghost crab (Lair:2)
  4 two-headed ogres
  An orc high priest (Orc:1)
  Nergalle (Orc:2)
  2 orc knights (Orc:1)
  A deep elf pyromancer (D:12)
  2 ugly things
  9 orc sorcerers (Orc:2)
  2 cyclopes
  4 elephants (Lair:1)
  Maggie (D:8)
  2 unseen horrors
  4 cane toads
  5 komodo dragons
  A kobold demonologist (D:7)
  4 trolls
  4 blink frogs (Lair:2)
  4 slime creatures (D:12)
  2 shadows
  A wyvern (D:7)
  A wraith (D:11)
  21 yaks
  A vampire (D:11)
  A basilisk (D:13)
  10 vampire mosquitoes
  2 steam dragons (D:8)
  3 wargs
  An acid dragon (D:11)
  6 water moccasins
  A black bear (D:5)
  19 orc warriors
  2 sky beasts
  A spectral blink frog (Lair:2)
  15 ogres
  7 centaurs
  6 wolves (Lair:1)
  2 phantoms
  A spectral water moccasin (Lair:2)
  7 gnoll sergeants
  5 bullfrogs
  5 scorpions
  4 wights (D:9)
  12 killer bees
  3 electric eels (D:6)
  11 hounds
  A jelly (D:6)
  Crazy Yiuf (D:2)
  27 orc priests
  2 gnoll boudas
  2 sleepcaps
  Jessica (D:2)
  2 iguanas
  37 orc wizards
  Terence (D:3)
  3 adders (D:5)
  38 gnolls
  2 shadow imps
  4 white imps
  5 worms
  3 dart slugs
  95 orcs
  6 endoplasms
  3 giant cockroaches
  14 hobgoblins
  9 jackals
  4 quokkas
  5 ball pythons
  2 bats (D:3)
  2 frilled lizards
  12 goblins
  12 kobolds
  7 rats
511 creatures vanquished.

Vanquished Creatures (others)
  3 orc wizards (Orc:2)
3 creatures vanquished.

Grand Total: 514 creatures vanquished

Notes
Turn   | Place    | Note
-------+----------+-------------------------------------------
     0 | D:1      | Peloso the Hill Orc Fighter began the quest for the Orb.
     0 | D:1      | Reached XP level 1. HP: 19/19 MP: 1/1
   113 | D:1      | Reached XP level 2. HP: 27/27 MP: 2/2
   463 | D:1      | Reached XP level 3. HP: 33/33 MP: 3/3
   517 | D:1      | Found a faded altar of an unknown god.
   637 | D:2      | Reached skill level 3 in Long Blades
   678 | D:2      | Noticed Jessica
   698 | D:2      | Killed Jessica
   699 | D:2      | Reached XP level 4. HP: 40/40 MP: 4/4
  1125 | D:2      | Found a runed translucent door.
  1126 | D:2      | Noticed Crazy Yiuf
  1800 | D:3      | Noticed Terence
  1810 | D:3      | Killed Terence
  1811 | D:3      | Reached skill level 1 in Dodging
  1811 | D:3      | Reached XP level 5. HP: 39/46 MP: 5/5
  1898 | D:3      | Reached skill level 4 in Long Blades
  2030 | D:4      | Noticed a phantom
  2061 | D:4      | Killed a phantom
  2191 | D:4      | Reached XP level 6. HP: 53/53 MP: 6/6
  2253 | D:4      | Reached skill level 5 in Long Blades
  2849 | D:4      | Reached XP level 7. HP: 60/60 MP: 7/7
  2938 | D:4      | Reached skill level 5 in Armour
  3050 | D:5      | Entered Level 5 of the Dungeon
  3344 | D:5      | Reached skill level 6 in Long Blades
  3624 | D:5      | Reached skill level 5 in Fighting
  4043 | D:5      | Reached skill level 7 in Long Blades
  4043 | D:5      | Reached XP level 8. HP: 62/68 MP: 8/8
  4975 | D:6      | Found a transporter.
  5038 | D:6      | Reached skill level 8 in Long Blades
  5080 | D:6      | Found Nerhini's Armour Shoppe.
  5165 | D:5      | Reached skill level 5 in Shields
  5385 | D:6      | Reached XP level 9. HP: 63/75 MP: 9/9
  5454 | D:6      | Found Iblusi Dauwk's Weapon Emporium.
  5515 | D:6      | Found a transporter.
  5530 | D:6      | Found a staircase to the Ecumenical Temple.
  5567 | Temple   | Entered the Ecumenical Temple
  5753 | Temple   | Became a worshipper of Warmaster Okawaru
  6437 | D:7      | Reached skill level 9 in Long Blades
  7491 | D:7      | Reached * piety under Okawaru
  8097 | D:8      | Noticed Maggie
  8124 | D:8      | Killed Maggie
  8125 | D:8      | Reached skill level 10 in Long Blades
  8125 | D:8      | Reached XP level 10. HP: 26/86 MP: 10/10
  8437 | D:8      | Noticed a kobold demonologist
  8587 | D:7      | Killed a kobold demonologist
  8633 | D:8      | Reached ** piety under Okawaru
  8836 | D:8      | Found Gautuva's General Store.
  9511 | D:9      | Noticed a two-headed ogre
  9606 | D:8      | Killed a two-headed ogre
  9607 | D:8      | Reached skill level 11 in Long Blades
  9945 | D:9      | Reached *** piety under Okawaru
 11111 | D:9      | Found a staircase to the Orcish Mines.
 11979 | D:6      | Reached XP level 11. HP: 82/95 MP: 11/11
 12339 | D:10     | Entered Level 10 of the Dungeon
 12473 | D:10     | Found a staircase to the Lair.
 12482 | D:10     | Found an ancient bone altar of Kikubaaqudgha.
 12589 | D:10     | Reached skill level 10 in Armour
 13192 | D:11     | Noticed a two-headed ogre
 13202 | D:11     | Killed a two-headed ogre
 13203 | D:11     | Reached skill level 12 in Long Blades
 13705 | D:11     | Noticed a two-headed ogre
 13718 | D:11     | Killed a two-headed ogre
 13832 | D:11     | Noticed a cyclops
 13865 | D:11     | Killed a cyclops
 13866 | D:11     | Reached skill level 1 in Invocations
 14262 | Lair:1   | Entered Level 1 of the Lair of Beasts
 14290 | D:10     | Reached **** piety under Okawaru
 14719 | Lair:1   | Noticed a catoblepas
 14744 | D:10     | Reached skill level 13 in Long Blades
 15286 | D:10     | Killed a catoblepas
 15325 | Lair:1   | Reached XP level 12. HP: 101/106 MP: 12/12
 15651 | Lair:1   | Reached skill level 10 in Fighting
 16704 | Lair:2   | You fall into a shaft and drop 2 floors!
 17838 | Lair:3   | Noticed a four-headed hydra
 18422 | Lair:2   | Reached skill level 1 in Stealth
 18473 | Lair:2   | Received a gift from Okawaru
 19136 | Lair:2   | Noticed Gastronok
 19153 | Lair:2   | Killed Gastronok
 19154 | Lair:2   | Reached skill level 14 in Long Blades
 19334 | Lair:2   | Found a staircase to the Swamp.
 19334 | Lair:2   | Noticed a ghost crab
 19446 | Lair:2   | Killed a ghost crab
 19847 | Orc:1    | Entered Level 1 of the Orcish Mines
 20092 | Orc:1    | Noticed an orc high priest
 20114 | Orc:1    | Killed an orc high priest
 20189 | Orc:1    | Reached XP level 13. HP: 62/116 MP: 12/14
 20203 | Orc:1    | Noticed Erica
 20223 | Orc:1    | Killed Erica
 20765 | Orc:1    | Found a roughly hewn altar of Beogh.
 20973 | Orc:2    | Entered Level 2 of the Orcish Mines
 20973 | Orc:2    | Found a roughly hewn altar of Beogh.
 21130 | Orc:2    | Noticed an ettin
 21154 | Orc:2    | Killed an ettin
 21236 | Orc:2    | Found a staircase to the Elven Halls.
 21329 | Orc:2    | Reached ***** piety under Okawaru
 21714 | Orc:2    | Paralysed by an orc sorcerer for 5 turns
 21951 | Orc:2    | Found Vovoappo's Distillery.
 21960 | Orc:2    | Paralysed by an orc sorcerer for 4 turns
 21968 | Orc:2    | Found Cywionix's Jewellery Shoppe.
 21968 | Orc:2    | Found an ancient bone altar of Kikubaaqudgha.
 21968 | Orc:2    | Noticed Nergalle
 22251 | Orc:2    | Bought a potion of heal wounds for 80 gold pieces
 22253 | Orc:2    | Paralysed by an orc sorcerer for 5 turns
 22588 | Orc:2    | Killed Nergalle
 22633 | Orc:2    | Paralysed by an ogre mage for 2 turns
 22652 | Orc:2    | Reached skill level 15 in Long Blades
 22709 | Orc:2    | Found a roughly hewn altar of Beogh.
 22709 | Orc:2    | Found Tahall's Antique Weapon Shoppe.
 22765 | Orc:2    | Found a radiant altar of Vehumet.
 22794 | Orc:2    | Found Causmit's Antique Weapon Shoppe.
 22805 | Orc:2    | Bought a steaming long sword for 161 gold pieces
 22805 | Orc:2    | Identified the +11 long sword "Fitit" {heavy, Fly Str+5
                  | Dex-2} (You bought it in a shop on level 2 of the Orcish
                  | Mines)
 23237 | D:12     | Found Vuotam's Magic Scroll Boutique.
 23380 | D:12     | Bought a scroll of magic mapping for 90 gold pieces
 23380 | D:12     | Bought a scroll of teleportation for 36 gold pieces
 23380 | D:12     | Bought a scroll of teleportation for 36 gold pieces
 23380 | D:12     | Bought a scroll of enchant weapon for 90 gold pieces
 23380 | D:12     | Bought a scroll of identify for 24 gold pieces
 23401 | D:12     | Bought a scroll of magic mapping for 90 gold pieces
 23401 | D:12     | Bought a scroll of magic mapping for 90 gold pieces
 23401 | D:12     | Bought a scroll of identify for 24 gold pieces
 24383 | D:2      | Killed Crazy Yiuf
 24795 | D:13     | Noticed Frances
 24805 | D:13     | Killed Frances
 24806 | D:13     | Reached skill level 10 in Shields
 25101 | D:13     | Noticed Jorgrun
 25116 | D:13     | Killed Jorgrun
 25116 | D:13     | Received a gift from Okawaru
 25116 | D:13     | Found the +8 demon trident "Rift" {distort, reach+}
 25117 | D:13     | Reached XP level 14. HP: 90/129 MP: 14/16
 25668 | D:13     | Noticed Lodul
 25693 | D:13     | Slain by an ogre

Illustrated notes

Levels and vault maps discovered:
D:1:      reono_arrival_forest_river, layout_rooms,
          dreamdust_ecumenical_altar_hidden_monk_grotto
D:2:      layout_loops_ring, uniq_jessica, uniq_crazy_yiuf_cottage
D:3:      layout_basic, minmay_fractal_squares_gapless_5, uniq_terence
D:4:      minmay_chambers_of_twos, layout_basic, nicolae_titane
D:5:      layout_loops_corners
D:6:      gammafunk_steamed_eel, layout_cave_pools,
          minmay_temple_entry_drinking_statues, serial_gnoll_camp,
          gnoll_camp_mini_hut, gnoll_camp_mini_hut, gnoll_camp_mini_loothouse,
          gnoll_camp_mini_doghouse, gnoll_camp_mini_shop, gnoll_camp_huts_moat,
          serial_shops, nicolae_diamond_shop
D:7:      corexii_shantytown, layout_basic
D:8:      layout_rooms, serial_shops, nicolae_shop_tiny_real_fake_doors,
          dreamdust_princess_corridor, lemuel_flame_loot_1, uniq_maggie
D:9:      layout_cave_pools, hiddenorc1_lemuel
D:10:     layout_cave_pools, overflow_temple_1_default, lair_entry_dummy
D:11:     layout_rooms, minmay_quadrilaterals
D:12:     layout_long_grid, serial_shops, shop
D:13:     layout_grid_maze, uniq_jorgrun, uniq_lodul, uniq_frances
Temple:   minmay_crystal_snake_temple
Lair:1:   layout_cave_pods, minmay_hedge_maze
Lair:2:   layout_roguey, nicolae_swamp_entry_spooky, serial_bayou_shore_a,
          uniq_gastronok
Lair:3:   layout_cave_pods, spider_nest_entry_webs, wad_woods_road_04,
          infiniplex_staircase_pool_2
Lair:4:   layout_regular_city
Orc:1:    layout_caves, mines1_david, uniq_erica
Orc:2:    kennysheep_orc_mage_school, layout_diamond_mine, basic_altar

Skill      XL: |  1  2  3  4  5  6  7  8  9 10 11 12 13 |
---------------+----------------------------------------+-----
Long Blades    | 3 4 5 7 8 10 11 13 14 15 | 15.3
Fighting       | 4 5 7 8 9 11 13 | 13.4
Dodging        | 1 2 3 |  3.2
Armour         | 4 5 6 8 9 11 12 14 | 14.4
Shields        | 4 5 6 7 8 9 10 | 10.2
Invocations    | 1 2 3 |  3.8
Stealth        | 1 |  1.9

Action                     |  1- 3 |  4- 6 |  7- 9 | 10-12 | 13-15 || total
---------------------------+-------+-------+-------+-------+-------++-------
  Melee: Long sword        |    89 |   165 |   527 |  1090 |   151 ||  2022
         Scimitar          |       |       |       |       |   216 ||   216
 Invoke: Heroism           |       |       |       |    29 |     9 ||    38
  Evoke: Wand              |       |       |       |     7 |       ||     7
    Use: Scroll            |       |       |    11 |     6 |    13 ||    30
         Potion            |       |       |     2 |     7 |     7 ||    16
   Stab: Sleeping          |       |       |     1 |       |       ||     1
 Armour: Scale mail        |    58 |    85 |    26 |       |       ||   169
         Chain mail        |       |       |   218 |       |       ||   218
         Robe              |       |       |     9 |       |       ||     9
         Plate armour      |       |       |    96 |   710 |   311 ||  1117
  Dodge: Dodged            |    46 |    61 |   216 |   385 |   124 ||   832
  Block: Buckler           |    30 |    44 |   176 |   323 |   109 ||   682
